 Dungeon Crawl Stone Soup version 0.32-a0-42-ga30500b4d3 (webtiles) character file.

Game seed: 1080886573863432637

303 pokeman the Magician (level 6, -1/34 HPs)
             Began as a Deep Elf Hedge Wizard on Jan 31, 2024.
             Slain by a mummy (10 damage)
             ... on level 4 of the Dungeon.
             The game lasted 00:08:30 (3487 turns).

pokeman the Magician (Deep Elf Hedge Wizard)        Turns: 3487, Time: 00:08:31

Health: -1/34      AC: 10    Str:  7    XL:     6   Next: 15%
Magic:  12/17      EV: 13    Int: 29    God:
Gold:   184        SH:  0    Dex: 14    Spells: 10/18 levels left

rFire   . . .        p - +7 whip of Devotion {protect, +Blink Int+2}
rCold   . . .        (no shield)
rNeg    . . .        b - +0 robe
rPois   .            c - +0 hat
rElec   .            t - +0 cloak
rCorr   +            (no gloves)
SInv    .            (no boots)
Will    .....        (no amulet)
Stlth   ++           l - ring of resist corrosion
HPRegen 0.25/turn    s - +6 ring of intelligence
MPRegen 0.15/turn

%: no passive effects
@: under a protective aura
A: no striking features
a: Evoke Blink


You were on level 4 of the Dungeon.
You visited 1 branch of the dungeon, and saw 4 of its levels.

You collected 184 gold pieces.

Inventory:

Hand Weapons
 p - the +7 whip of Devotion (weapon) {protect, +Blink Int+2}
   (You found it on level 2 of the Dungeon)

   Int+2:     It affects your intelligence (+2).
   +Blink:    It lets you blink.
Armour
 b - a +0 robe (worn)
 c - a +0 hat (worn)
 t - a +0 cloak (worn)
Magical Staves
 h - a staff of fire
Jewellery
 l - a ring of resist corrosion (left hand)
 s - a +6 ring of intelligence (right hand)
Scrolls
 a - a scroll of acquirement {unknown}
 e - a scroll of teleportation {unknown}
 f - 4 scrolls of noise {unknown}
 g - a scroll of blinking {unknown}
 k - 2 scrolls of identify {unknown}
 q - a scroll of enchant armour {unknown}
 r - a scroll of torment {unknown}
Potions
 d - a potion of magic
 i - a potion of curing {unknown}
 j - a potion of lignification {unknown}
 m - a potion of ambrosia {unknown}
 n - a potion of degeneration {unknown}
 o - a potion of attraction {unknown}


   Skills:
 - Level 1.0 Fighting
 - Level 1.0 Armour
 - Level 3.0 Dodging
 - Level 3.2 Stealth
 - Level 1.0 Shields
 * Level 6.7 Spellcasting
 + Level 3.1 Conjurations
 - Level 1.1 Summonings
 - Level 1.1 Translocations
 + Level 0.2 Fire Magic
 + Level 0.1 Air Magic
 - Level 1.2 Alchemy
 + Level 0.2 Evocations


You had 10 spell levels left.
You knew the following spells:

 Your Spells              Type           Power      Damage    Failure   Level
a - Magic Dart            Conj           100%       1d8       1%          1
b - Mephitic Cloud        Conj/Alch/Air  18%        N/A       9%          3
c - Call Imp              Summ           32%        N/A       4%          2
d - Blink                 Tloc           32%        N/A       4%          2

Your spell library contained the following spells:

 Spells                   Type           Power      Damage    Failure   Level
 Lesser Beckoning         Tloc           32%        N/A       4%          2
 Freeze                   Ice            36%        1d5       5%          1
 Necrotise                Necr           36%        1d5       5%          1
 Slow                     Hex            36%        N/A       5%          1
 Cigotuvi's Dreadful Rot  Necr/Alch/Air  24%        N/A       7%          2
 Hailstorm                Conj/Ice       19%        3d7       9%          3
 Gell's Gravitas          Tloc           16%        N/A       10%         3
 Teleport Other           Tloc           16%        N/A       10%         3
 Frozen Ramparts          Ice            18%        1d3       16%         3
 Vampiric Draining        Necr           9%         2d6       16%         3
 Martyr's Knell           Necr/Summ      13%        N/A       38%         4
 Curse of Agony           Necr           9%         N/A       82%         5


Dungeon Overview and Level Annotations

Branches:
Dungeon (4/15)
 Temple: D:4-7

Altars:
Fedhas
Kikubaaqudgha
Qazlal

Portals:
Ossuary: D:4


Message History

The orc priest barely misses the giant cockroach.
The orc priest hits itself with a +0 short sword.
The giant cockroach bites itself.
The goblin attacks as it pursues you! The goblin hits you but does no damage.
The orc priest hits the giant cockroach but does no damage.
The orc priest hits itself with a +0 short sword.
Casting: Mephitic Cloud (dangerous; 9% risk of failure)
Confirm with . or Enter, or press ? or * to list all spells.
Aiming: Magic Dart (safe; 1% risk of failure)
Press: ? - help, Shift-Dir - straight line, f - goblin
Aim: a goblin, wielding a +0 dagger (100% to hit)
The magic dart hits the goblin.
The goblin is heavily wounded.
The goblin hits you with a +0 dagger.
Unknown command.
Casting: Magic Dart (safe; 1% risk of failure)
Confirm with . or Enter, or press ? or * to list all spells.
Aiming: Magic Dart (safe; 1% risk of failure)
Press: ? - help, Shift-Dir - straight line, f/p - goblin
Aim: a goblin, wielding a +0 dagger (heavily wounded, 100% to hit)
The magic dart hits the goblin!
You kill the goblin!
Unknown command.
You open the door.
A mummy comes into view.
The orc priest miscasts a cantrip.
The mummy moves out of view.
Found a sand-covered staircase.
The orc priest invokes the aid of Beogh against you.
You struggle to resist.
There is an open door here.
The mummy hits you!!
Ouch! That really hurt!
* * * LOW HITPOINT WARNING * * *
You close the door.
You whack the mummy!
Your weapon exudes an aura of protection.
The mummy is heavily damaged.
The mummy hits you!
You die...

....#.[..B.# ......#
......)<.######.....#
...$......B.o.......#
.......).##.o.......#
....#.......#.......#
... #......###......#
## #.....##∩##.....#
#....##..M##..(##
#...##..@..##.$#
#..#####+#####)#
#............o.#
#............###
#############


You could see a mummy.

Vanquished Creatures
  A phantom (D:4)
  A jelly (D:3)
  Jessica (D:3)
  3 gnolls (D:2)
  6 adders
  4 dart slugs
  7 orcs
  6 endoplasms
  A giant cockroach (D:3)
  9 goblins
  6 hobgoblins
  4 jackals
  5 quokkas
  8 ball pythons
  3 bats
  4 frilled lizards
  2 kobolds
  5 rats
76 creatures vanquished.

Notes
Turn   | Place    | Note
-------+----------+-------------------------------------------
     0 | D:1      | pokeman the Deep Elf Hedge Wizard began the quest for the
                  | Orb.
     0 | D:1      | Reached XP level 1. HP: 10/10 MP: 7/7
   329 | D:1      | Reached XP level 2. HP: 15/15 MP: 3/9
  1153 | D:2      | Reached skill level 5 in Spellcasting
  1153 | D:2      | Reached XP level 3. HP: 20/20 MP: 2/11
  1157 | D:2      | Learned a level 3 spell: Mephitic Cloud
  1160 | D:2      | Learned a level 2 spell: Call Imp
  1163 | D:2      | Learned a level 2 spell: Blink
  1267 | D:2      | Reached skill level 1 in Fighting
  1267 | D:2      | Reached skill level 1 in Armour
  1432 | D:2      | You fall into a shaft and drop 1 floor!
  1446 | D:3      | Reached XP level 4. HP: 22/25 MP: 8/13
  2000 | D:2      | Identified the +7 whip of Devotion {protect, +Blink Int+2}
  2298 | D:3      | Found a stormy altar of Qazlal.
  2444 | D:3      | Reached skill level 6 in Spellcasting
  2548 | D:3      | Found a blossoming altar of Fedhas.
  2552 | D:3      | Noticed Jessica
  2555 | D:3      | Killed Jessica
  2556 | D:3      | Reached skill level 1 in Shields
  2556 | D:3      | Reached XP level 5. HP: 29/29 MP: 11/15
  3190 | D:4      | Noticed a phantom
  3202 | D:4      | Found an ancient bone altar of Kikubaaqudgha.
  3206 | D:4      | Killed a phantom
  3207 | D:4      | Reached skill level 1 in Alchemy
  3207 | D:4      | Reached XP level 6. HP: 31/34 MP: 2/17
  3483 | D:4      | Found a sand-covered staircase.
  3487 | D:4      | Slain by a mummy

Illustrated notes

Levels and vault maps discovered:
D:1:      roadster_arrival_rocket_small, layout_loops_cross
D:2:      minmay_chambers_of_twos, layout_basic, minmay_circle_x
D:3:      layout_basic, mainiacjoe_overflow_cross_hatched,
          nicolae_qazlal_general_emergency, minmay_misc_feat_columns,
          dk_noncrumbling_3, uniq_jessica
D:4:      layout_rooms, vehumet_statue, amcnicky_altar_gilded,
          gup_ossuary_entry_pyramid, serial_shops,
          nicolae_shop_just_a_little_nook

Skill      XL: |  1  2  3  4  5 |
---------------+----------------+-----
Spellcasting   | 5 6 |  6.7
Fighting       | 1 |  1.0
Armour         | 1 |  1.0
Conjurations   | 2 3 |  3.1
Dodging        | 3 |  3.0
Shields        | 1 |  1.0
Stealth        | 3 |  3.2
Alchemy        | 1 |  1.2
Summonings     | |  1.1
Translocations | |  1.1
Fire Magic     | |  0.2
Air Magic      | |  0.1
Evocations     | |  0.2

Action                     |  1- 3 |  4- 6 || total
---------------------------+-------+-------++-------
  Melee: Dagger            |    21 |       ||    21
         Whip              |       |    25 ||    25
   Cast: Magic Dart        |    70 |   129 ||   199
         Mephitic Cloud    |     2 |     5 ||     7
         Blink             |       |     1 ||     1
   Stab: Confused          |     2 |       ||     2
 Armour: Robe              |    18 |    49 ||    67
  Dodge: Dodged            |    21 |    36 ||    57

Table legend: (Time is in decaauts)
 A = Elapsed time spent in this place.
 B = Non-inter-level travel time spent in this place.
 C = Inter-level travel time spent in this place.
 D = Time resting spent in this place.
 E = Time spent auto-exploring this place.
 F = Levels seen in this place.
 G = Mean time per level.
                   A        B        C        D        E       F      G
               +--------+--------+--------+--------+--------+-----+--------+
         Total |   3487 |   3353 |    134 |    140 |   2735 |   4 |  871.8 |
       Dungeon |   3487 |   3353 |    134 |    140 |   2735 |   4 |  871.8 |
               +--------+--------+--------+--------+--------+-----+--------+

Top non-repeatable levels by time:
     D:3: 1361 daAuts
     D:1: 1125 daAuts
     D:2: 899 daAuts
     D:4: 102 daAuts
